 Dungeon Crawl Stone Soup version 0.31.0-1-g2c135a0 (webtiles) character file.

Game seed: 3713857908683240993

2129 jagoly the Fighter (level 9, -12/59 HPs)
             Began as a Gargoyle Monk on Jan 26, 2024.
             Was a Priest of the Shining One.
             Killed by divine providence
             ... invoked by Jeremiah
              (15 damage)
             ... on level 8 of the Dungeon.
             The game lasted 00:26:49 (2743 turns).

jagoly the Fighter (Gargoyle Monk)                  Turns: 2743, Time: 00:26:49

Health: -12/59     AC: 15    Str: 18    XL:     9   Next: 30%
Magic:  9/9        EV: 11    Int: 12    God:    the Shining One [***...]
Gold:   274        SH:  5    Dex: 12    Spells: 8/8 levels left

rFire   . . .        F - +0 morningstar
rCold   . . .        d - orb {light}
rNeg    + + .        C - +0 scale mail
rPois   ∞            (no helmet)
rElec   +            I - +0 cloak
rCorr   .            (no gloves)
SInv    .            (no boots)
Will    .....        y - amulet of reflection Stlth
                     u - ring of flight
HPRegen 0.29/turn    (no ring)
MPRegen 0.11/turn

%: reflection
@: flying, glowing
A: sickness immunity, AC +6, negative energy resistance 1, electricity
resistance, torment resistance 1, petrification resistance
a: Renounce Religion, Divine Shield, Cleansing Flame


You were on level 8 of the Dungeon.
You worshipped the Shining One.
The Shining One was most pleased with you.
You visited 2 branches of the dungeon, and saw 10 of its levels.
You also visited: Sewer.

You collected 274 gold pieces.

Inventory:

Hand Weapons
 a - a +0 hand axe
 b - a +2 rapier of venom
 n - a +0 spear
 o - a +0 trident
 F - a +0 morningstar (weapon)
Missiles
 p - 25 stones (quivered)
Armour
 d - an orb of light (worn)
 C - a +0 scale mail (worn)
 I - a +0 cloak (worn)
Jewellery
 u - a ring of flight (left hand)
 y - an amulet of reflection (around neck)
Wands
 q - a wand of acid (3)
 z - a wand of charming (5)
 G - a wand of mindburst (11)
 H - a wand of flame (17)
Scrolls
 e - 2 scrolls of poison
 f - a scroll of fear {unknown}
 m - a scroll of enchant weapon {unknown}
 s - a scroll of acquirement {unknown}
 t - 2 scrolls of fog
 v - 2 scrolls of blinking
 x - 2 scrolls of vulnerability
 A - 2 scrolls of teleportation {unknown}
 B - a scroll of silence {unknown}
 E - a scroll of revelation {unknown}
Potions
 c - a potion of ambrosia
 g - a potion of curing {unknown}
 h - 2 potions of berserk rage {unknown}
 j - 3 potions of heal wounds
 k - 2 potions of lignification {unknown}
 l - a potion of mutation {unknown}
 r - a potion of enlightenment {unknown}


   Skills:
 - Level 8.0 Fighting
 + Level 6.6 Axes
 - Level 6.0 Armour
 - Level 4.0 Dodging
 - Level 2.0 Stealth
 - Level 2.0 Evocations


You had 8 spell levels left.
You didn't know any spells.
Your spell library contained the following spells:

 Spells                   Type           Power      Damage    Failure   Level
 Jinxbite                 Hex            0%         N/A       82%         2
 Yara's Violent Unravell  Hex/Alch       0%         3d3       100%        5
 Enfeeble                 Hex            0%         N/A       100%        7
 Chain Lightning          Conj/Air       0%         N/A       100%        9
 Fire Storm               Conj/Fire      0%         5d1       100%        9
 Shatter                  Erth           0%         3d5*      100%        9


Dungeon Overview and Level Annotations

Branches:
Dungeon (9/15) Zot: 26674  Temple (1/1) D:4 Zot: 5928   Sewer (visited)
   Lair: D:8-11         Orc: D:9-12

Altars:
Cheibriados
Dithmenos
Elyvilon
Fedhas
Gozag
Hepliaklqana
Kikubaaqudgha
Makhleb
Nemelex Xobeh
Okawaru
Qazlal
Ru
Sif Muna
Uskayaw
Vehumet
Wu Jian
Xom
Yredelemnul
Zin
The Shining One

Shops:
D:5 *   D:8 ?

Annotations:
D:8 Jeremiah


Innate Abilities, Weirdness & Mutations

You are immune to sickness and miasma.
Your stone body is resilient. (AC +6)
You are immune to poison.
You resist negative energy. (rN+)
You are resistant to electric shocks. (rElec)
You are resistant to unholy torment.
You are immune to petrification.


Message History

A wyvern comes into view.
Maurice picks up a poisoned dart.
Okay, then.
You see here a bullfrog corpse.
Maurice mumbles some strange words.
Maurice flickers and vanishes for a moment.
Cleave: a) +0 hand axe
Press: ? - help, Dir - move target, f/p - Maurice
Aim: Maurice, wielding a +0 short sword, wearing a +0 cloak, quivering poisoned darts and carrying a wand of flame (heavily wounded, slightly transparent, very poisoned, haloed, about 29% to evade your +0 hand axe)
You hit Maurice.
Maurice is heavily wounded.
Maurice lashes his vines and gnashes his teeth.
Maurice closely misses you. x2
Cleave: a) +0 hand axe
Press: ? - help, Dir - move target, f/p - Maurice
Aim: Maurice, wielding a +0 short sword, wearing a +0 cloak, quivering poisoned darts and carrying a wand of flame (heavily wounded, slightly transparent, very poisoned, haloed, about 29% to evade your +0 hand axe)
You hit Maurice.
Maurice is heavily wounded.
Maurice hits you with a +0 short sword.
Maurice steals 263 gold pieces!
You now have 0 gold pieces.
Maurice closely misses you.
Throw: 3 darts (poison)
Press: ? - help, Shift-Dir - straight line, f/p - Maurice
Aim: Maurice, wielding a +0 short sword, wearing a +0 cloak, quivering poisoned darts and carrying a wand of flame (heavily wounded, slightly transparent, very poisoned, haloed, 65% to hit)
You throw a poisoned dart. The poisoned dart hits Maurice.
Maurice is heavily wounded.
An orc wizard comes into view. It is wielding a +0 dagger.
Maurice picks up a poisoned dart.
The wyvern hisses angrily.
Maurice zaps a wand.
The puff of flame hits you but does no damage.
You see here a bullfrog corpse.
Okay, then.
Aiming: Charm
Press: ? - help, Shift-Dir - straight line, f - wyvern, p - Maurice
Aim: a wyvern (haloed, chance to affect: 51%)
The wyvern is charmed.
The orc wizard shouts!
Maurice zaps a wand.
The puff of flame hits your wyvern.
Your wyvern bites Maurice.
Your wyvern bites Maurice!
Maurice barely misses your wyvern. Maurice bites your wyvern.
Maurice drains its power.
Your wyvern closely misses Maurice.
Your wyvern bites Maurice.
Maurice misses your wyvern. Maurice bites your wyvern!
Maurice drains its power.
Your wyvern barely misses Maurice.
Maurice zaps a wand.
The puff of flame hits your wyvern.
Your wyvern bites Maurice!
Maurice dies!
Training target 2.0 for Evocations reached!
Your Evocations skill increases to level 2!
You need to enable at least one skill for training.
Training target 4.0 for Dodging reached!
Your Axes skill increases to level 5!
Your Dodging skill increases to level 4!
The orc wizard hits your wyvern but does no damage.
An orc comes into view. It is wielding a +0 trident.
The orc wizard hits your wyvern but does no damage.
The orc wizard casts a spell at you.
Your wyvern resists with some effort.
Your wyvern bites the orc wizard but does no damage.
The orc wizard hits your wyvern but does no damage.
Your wyvern bites the orc wizard!
The orc wizard hits your wyvern with a +0 dagger.
Your wyvern bites the orc wizard.
Your wyvern bites the orc wizard!
The orc wizard dies!
The orc completely misses you.
You see here a +0 leather armour.
The orc hits you but does no damage. The orc hits you but does no damage.
What are your orders? t - Shout!
Orders for allies: a - Attack new target. p - Attack previous target. r - Retreat! s - Stop attacking. g - Guard the area. f - Follow me.
Anything else - Cancel.
Gang up on whom?
Press: ? - help, Dir - move target, f - orc, p - wyvern
Aim: an orc, wielding a +0 trident and wearing a +0 leather armour (haloed) Attack!
Your wyvern completely misses the orc.
The orc hits you but does no damage.
Your wyvern closely misses the orc.
The orc hits your wyvern with a +0 trident.
Your wyvern dies!
A wyvern comes into view.
There is a stone staircase leading down here.
There is a stone staircase leading up here.
The orc barely misses you.
There is a stone staircase leading up here.
You slash the orc!
You kill the orc!
No target in view!
Items here: )) [[.
The wyvern hisses angrily.
Items here: )) [[.
There is a stone staircase leading up here.
Throw: 2 darts (poison)
Press: ? - help, Shift-Dir - straight line, f - wyvern
Aim: a wyvern (57% to hit)
You throw a poisoned dart. The poisoned dart hits the wyvern.
The wyvern is poisoned.
Throw: dart (poison)
Press: ? - help, Shift-Dir - straight line, f/p - wyvern
Aim: a wyvern (lightly wounded, poisoned, haloed, 77% to hit)
You throw a poisoned dart. The poisoned dart hits the wyvern.
The wyvern looks even sicker.
The wyvern is lightly wounded.
Your +2 rapier of venom begins to drip with poison!
b - a +2 rapier of venom (weapon)
The wyvern bites you.
Hit: b) +2 rapier (venom)
Press: ? - help, Dir - move target, f/p - wyvern
Aim: a wyvern (lightly wounded, very poisoned, haloed, about 19% to evade your +2 rapier of venom)
You hit the wyvern.
The wyvern is lightly wounded.
The wyvern misses you.
Hit: b) +2 rapier (venom)
Press: ? - help, Dir - move target, f/p - wyvern
Aim: a wyvern (moderately wounded, very poisoned, haloed, about 19% to evade your +2 rapier of venom)
You barely miss the wyvern.
The wyvern is moderately wounded.
The wyvern barely misses you. The wyvern closely misses you.
Hit: b) +2 rapier (venom)
Press: ? - help, Dir - move target, f/p - wyvern
Aim: a wyvern (moderately wounded, very poisoned, haloed, about 19% to evade your +2 rapier of venom)
You hit the wyvern.
The wyvern looks as sick as possible!
The wyvern is moderately wounded.
The wyvern bites you but does no damage.
The wyvern barely misses you.
Your +2 rapier of venom stops dripping with poison.
a - a +0 hand axe (weapon)
A wolf comes into view.
The wyvern misses you.
Cleave: a) +0 hand axe
Press: ? - help, Dir - move target, f/p - wyvern
Aim: a wyvern (moderately wounded, extremely poisoned, haloed, about 19% to evade your +0 hand axe)
The wolf howls!
You slash the wyvern!
The wyvern is severely wounded.
The wyvern bites you but does no damage.
Cleave: a) +0 hand axe
Press: ? - help, Dir - move target, f/p - wyvern
Aim: a wyvern (severely wounded, extremely poisoned, haloed, about 19% to evade your +0 hand axe)
You hit the wyvern but do no damage.
The wyvern is severely wounded.
The wyvern bites you but does no damage.
The wyvern closely misses you.
Cleave: a) +0 hand axe
Press: ? - help, Dir - move target, f/p - wyvern
Aim: a wyvern (severely wounded, extremely poisoned, haloed, about 19% to evade your +0 hand axe)
You barely miss the wyvern.
The wyvern is severely wounded.
The wyvern bites you! The wyvern bites you.
* * * LOW HITPOINT WARNING * * *
Cleave: a) +0 hand axe
Press: ? - help, Dir - move target, f/p - wyvern
Aim: a wyvern (almost dead, very poisoned, haloed, about 19% to evade your +0 hand axe)
You hit the wyvern but do no damage.
The wyvern is almost dead.
You kill the wyvern!
The wolf barely misses you.
Training target 6.0 for Armour reached!
Your Armour skill increases to level 6!
You have reached level 9!
Your experience leads to an increase in your attributes!
Increase (S)trength, (I)ntelligence, or (D)exterity?
You feel stronger. x2
Your +2 rapier of venom begins to drip with poison!
b - a +2 rapier of venom (weapon)
The wolf misses you.
Hit: b) +2 rapier (venom)
Press: ? - help, Dir - move target, f - wolf
Aim: a wolf (haloed, about 35% to evade your +2 rapier of venom)
You hit the wolf.
The wolf is poisoned.
The wolf is lightly wounded.
The wolf bites you but does no damage. x2
Hit: b) +2 rapier (venom)
Press: ? - help, Dir - move target, f/p - wolf
Aim: a wolf (moderately wounded, very poisoned, haloed, about 35% to evade your +2 rapier of venom)
You barely miss the wolf.
The wolf is moderately wounded.
The wolf bites you but does no damage. The wolf barely misses you.
An ice beast comes into view.
Hit: b) +2 rapier (venom)
Press: ? - help, Dir - move target, f/p - wolf
Aim: a wolf (moderately wounded, very poisoned, haloed, about 35% to evade your +2 rapier of venom)
You hit the wolf.
The wolf is moderately wounded.
The wolf bites you.
* * * LOW HITPOINT WARNING * * *
The wolf bites you.
* * * LOW HITPOINT WARNING * * *
Hit: b) +2 rapier (venom)
Press: ? - help, Dir - move target, f/p - wolf
Aim: a wolf (moderately wounded, very poisoned, haloed, about 35% to evade your +2 rapier of venom)
You hit the wolf.
The wolf is heavily wounded.
The wolf completely misses you. The wolf closely misses you.
Hit: b) +2 rapier (venom)
Press: ? - help, Dir - move target, f/p - wolf
Aim: a wolf (heavily wounded, very poisoned, haloed, about 35% to evade your +2 rapier of venom)
You closely miss the wolf.
The wolf is heavily wounded.
The wolf barely misses you. The wolf misses you.
Hit: b) +2 rapier (venom)
Press: ? - help, Dir - move target, f/p - wolf
Aim: a wolf (heavily wounded, very poisoned, haloed, about 35% to evade your +2 rapier of venom)
You hit the wolf.
The wolf looks as sick as possible!
The wolf is severely wounded.
The wolf closely misses you. x2; The wolf bites you but does no damage.
The wolf bites you.
* * * LOW HITPOINT WARNING * * *
You fly upwards.
There is a stone staircase leading down here.
You are too injured to fight recklessly!
Hit: b) +2 rapier (venom)
Press: ? - help, Dir - move target, f - wolf
Aim: a wolf (almost dead, extremely poisoned, haloed, about 35% to evade your +2 rapier of venom)
You hit the wolf.
You kill the wolf!
Training target 8.0 for Fighting reached!
Your Fighting skill increases to level 8!
Things that are here:
a +0 ring mail; a +0 dagger; an orc corpse
There is an open door here.
There is a stone staircase leading down here.
You fly downwards.
Level annotation: Jeremiah
There is a stone staircase leading up here.
A wolf comes into view.
The wolf howls!
Found 6 poisoned darts.
The wolf barely misses you.
There is a stone staircase leading up here.
You closely miss the wolf. The wolf bites you.
* * * LOW HITPOINT WARNING * * *
The wolf misses you.
Hit: b) +2 rapier (venom)
Press: ? - help, Dir - move target, f - wolf
Aim: a wolf (haloed, about 34% to evade your +2 rapier of venom)
You hit the wolf.
The wolf is lightly wounded.
The wolf barely misses you. The wolf closely misses you.
Hit: b) +2 rapier (venom)
Press: ? - help, Dir - move target, f/p - wolf
Aim: a wolf (lightly wounded, haloed, about 34% to evade your +2 rapier of venom)
You puncture the wolf!
The wolf is heavily wounded.
The wolf barely misses you. The wolf bites you but does no damage.
Hit: b) +2 rapier (venom)
Press: ? - help, Dir - move target, f/p - wolf
Aim: a wolf (heavily wounded, haloed, about 34% to evade your +2 rapier of venom)
You hit the wolf.
The wolf is heavily wounded.
The wolf misses you. The wolf bites you but does no damage.
Hit: b) +2 rapier (venom)
Press: ? - help, Dir - move target, f/p - wolf
Aim: a wolf (heavily wounded, haloed, about 34% to evade your +2 rapier of venom)
You hit the wolf but do no damage.
The wolf is heavily wounded.
The wolf barely misses you.
The wolf stops to sniff the ground.
The wolf bites you but does no damage.
Hit: b) +2 rapier (venom)
Press: ? - help, Dir - move target, f/p - wolf
Aim: a wolf (heavily wounded, haloed, about 34% to evade your +2 rapier of venom)
You closely miss the wolf.
The wolf is heavily wounded.
The wolf bites you but does no damage. The wolf barely misses you.
Hit: b) +2 rapier (venom)
Press: ? - help, Dir - move target, f/p - wolf
Aim: a wolf (heavily wounded, haloed, about 34% to evade your +2 rapier of venom)
You puncture the wolf!
The wolf is almost dead.
The wolf bites you but does no damage. x2
Hit: b) +2 rapier (venom)
Press: ? - help, Dir - move target, f/p - wolf
Aim: a wolf (almost dead, haloed, about 34% to evade your +2 rapier of venom)
You hit the wolf but do no damage.
The wolf is almost dead.
The wolf completely misses you. The wolf closely misses you.
Hit: b) +2 rapier (venom)
Press: ? - help, Dir - move target, f/p - wolf
Aim: a wolf (almost dead, haloed, about 34% to evade your +2 rapier of venom)
You hit the wolf.
The wolf is almost dead.
The wolf barely misses you. The wolf misses you.
Hit: b) +2 rapier (venom)
Press: ? - help, Dir - move target, f/p - wolf
Aim: a wolf (almost dead, haloed, about 34% to evade your +2 rapier of venom)
You hit the wolf but do no damage.
The wolf is poisoned.
The wolf is almost dead.
You kill the wolf!
Your Axes skill increases to level 6!
Found a robe.
You can now channel blasts of cleansing flame.
A two-headed ogre comes into view.
It is wielding a +0 giant spiked club and a +0 giant club.
The two-headed ogre shouts in stereo!
You hear a shout! x3
You hear an angry hiss.
A kobold comes into view. It is wielding a +0 club.
The kobold shouts!
You hear a shout!
The kobold throws a stone.
The stone hits you but does no damage.
There is a stone staircase leading up here.
You fly upwards.
There is a stone staircase leading down here.
There is an open door here.
There is a stone staircase leading down here.
Unknown command.
You fly downwards.
Level annotation: Jeremiah The wyvern hisses angrily.
Jeremiah shouts!
The kobold shouts!
A kobold brigand comes into view.
It is wielding a +0 dagger and quivering curare-tipped darts.
The wyvern barely misses you.
There is a stone staircase leading up here.
The kobold throws a poisoned dart.
The poisoned dart hits you! The wyvern barely misses you.
You fly upwards.
There is a stone staircase leading down here.
Hit: b) +2 rapier (venom)
Press: ? - help, Dir - move target, f - wyvern
Aim: a wyvern (haloed, about 18% to evade your +2 rapier of venom)
You puncture the wyvern!
The wyvern looks as sick as possible!
The wyvern is moderately wounded.
The wyvern closely misses you. The wyvern barely misses you.
Your +2 rapier of venom stops dripping with poison.
a - a +0 hand axe (weapon)
The wyvern misses you.
You hit the wyvern but do no damage.
The wyvern is heavily wounded.
The wyvern bites you but does no damage.
You slash the wyvern!
The wyvern is almost dead.
The wyvern barely misses you. The wyvern bites you!
You hit the wyvern.
You kill the wyvern!
Your +2 rapier of venom begins to drip with poison!
b - a +2 rapier of venom (weapon)
You see here a wyvern corpse.
Things that are here:
a +0 ring mail; a +0 dagger; an orc skeleton
There is a stone staircase leading down here.
You fly downwards.
Level annotation: Jeremiah
There is a stone staircase leading up here.
You see here a wyvern corpse.
D - a poisoned dart
D - 2 poisoned darts (gained 1)
Things that are here:
a +0 leather armour; a +0 short sword You see here a bullfrog corpse.
Things that are here:
a +0 robe; a +0 dagger; an orc corpse
D - 4 poisoned darts (gained 2);
n - a +0 spear;
H - a wand of flame (17)
You now have 274 gold pieces.
Things that are here:
a +0 cloak; a +0 short sword You start putting on your armour.
You continue putting on your +0 cloak. x4
You finish putting on your +0 cloak.
You start removing your armour.
You continue taking off your +0 ring mail. x4
You finish taking off your +0 ring mail.
You start putting on your armour.
You continue putting on your +0 scale mail. x5
You finish putting on your +0 scale mail.
You drop a +0 ring mail.
You drop a +0 robe.
Found a stone staircase leading down.
Found 7 gold pieces.
Found an emerald potion.
There is a stone staircase leading down here.
A black bear comes into view.
Found Uxzubyng's Magic Scroll Shoppe.
The black bear growls angrily.
Jeremiah shouts!
Jeremiah throws their arms up pleadingly.
Something smites you!
Press: ? - help, v - describe, . - travel
Here: Jeremiah, wielding a +4 trident of draining, wearing a +0 robe and wearing an orb of guile The floor.
Okay, then.
Press: ? - help, v - describe, . - travel
Here: Jeremiah, wielding a +4 trident of draining, wearing a +0 robe and wearing an orb of guile The floor.
Unknown command.
Aiming: Mindburst
Press: ? - help, Shift-Dir - straight line, f - Jeremiah
Aim: Jeremiah, wielding a +4 trident of draining, wearing a +0 robe and wearing an orb of guile (chance to affect: 86%)
Okay, then.
There is a stone staircase leading down here.
Okay, then.
Throw: 4 darts (poison)
Press: ? - help, Shift-Dir - straight line, f - Jeremiah
Aim: Jeremiah, wielding a +4 trident of draining, wearing a +0 robe and wearing an orb of guile (51% to hit)
You throw a poisoned dart.
The poisoned dart barely misses Jeremiah.
Throw: 3 darts (poison)
Press: ? - help, Shift-Dir - straight line, f/p - Jeremiah
Aim: Jeremiah, wielding a +4 trident of draining, wearing a +0 robe and wearing an orb of guile (51% to hit)
You throw a poisoned dart.
The poisoned dart completely misses Jeremiah.
Throw: 2 darts (poison)
Press: ? - help, Shift-Dir - straight line, f/p - Jeremiah
Aim: Jeremiah, wielding a +4 trident of draining, wearing a +0 robe and wearing an orb of guile (51% to hit)
You throw a poisoned dart. The poisoned dart hits Jeremiah.
Jeremiah is poisoned.
Throw: dart (poison)
Press: ? - help, Shift-Dir - straight line, f/p - Jeremiah
Aim: Jeremiah, wielding a +4 trident of draining, wearing a +0 robe and wearing an orb of guile (lightly wounded, poisoned, 51% to hit)
You throw a poisoned dart. The poisoned dart hits Jeremiah.
Jeremiah is lightly wounded.
Jeremiah hops!
Jeremiah hops!
Jeremiah's eyes momentarily flash bright red.
Jeremiah looks more healthy.
The butterfly disappears in a burst of colours!
Aiming: Mindburst
Press: ? - help, Shift-Dir - straight line, f - ice beast, p - Jeremiah
Aim: an ice beast (wandering, hasn't noticed you, chance to affect: 73%)
Okay, then.
Things that are here:
a +0 robe; a +0 ring mail The black bear barely misses you. x2; The black bear claws you.
Things that are here:
a +0 robe; a +0 ring mail You hit the black bear.
The black bear is lightly wounded.
The black bear bites you but does no damage.
The black bear claws you. The black bear closely misses you.
You puncture the black bear!
The black bear is poisoned.
The black bear is heavily wounded.
The black bear barely misses you. The black bear completely misses you.
The black bear claws you but does no damage.
You hit the black bear.
The black bear looks as sick as possible!
The black bear is severely wounded.
The black bear bites you. The black bear completely misses you.
The black bear claws you but does no damage.
You hit the black bear.
The black bear looks as sick as possible!
The black bear is almost dead.
You kill the black bear!
Okay, then.
Your +2 rapier of venom stops dripping with poison.
F - a +0 morningstar (weapon)
Hit: F) +0 morningstar
Press: ? - help, Dir - move target, f - ice beast, p - Jeremiah
Aim: an ice beast (haloed, about 22% to evade your +0 morningstar)
You completely miss the ice beast. The ice beast barely misses you.
Hit: F) +0 morningstar
Press: ? - help, Dir - move target, f/p - ice beast
Aim: an ice beast (haloed, about 22% to evade your +0 morningstar)
You puncture the ice beast!
The ice beast is heavily wounded.
The ice beast closely misses you.
The ice beast hits you but does no damage.
The butterfly disappears in a burst of colours! x2
Hit: F) +0 morningstar
Press: ? - help, Dir - move target, f/p - ice beast
Aim: an ice beast (heavily wounded, haloed, about 22% to evade your +0 morningstar)
You thump the ice beast!
The ice beast is almost dead.
The ice beast hits you but does no damage.
Jeremiah wails, "It wants to be free!
It wants to enslave everyone!"
Hit: F) +0 morningstar
Press: ? - help, Dir - move target, f/p - ice beast
Aim: an ice beast (almost dead, haloed, about 22% to evade your +0 morningstar)
You hit the ice beast.
The ice beast is almost dead.
The ice beast hits you but does no damage.
Hit: F) +0 morningstar
Press: ? - help, Dir - move target, f/p - ice beast
Aim: an ice beast (almost dead, haloed, about 22% to evade your +0 morningstar)
You hit the ice beast but do no damage.
The ice beast is almost dead.
The butterfly disappears in a burst of colours!
The ice beast hits you. The ice beast freezes you!
* * * LOW HITPOINT WARNING * * *
Jeremiah hops!
The ice beast hits you.
* * * LOW HITPOINT WARNING * * *
The ice beast freezes you.
* * * LOW HITPOINT WARNING * * *
Hit: F) +0 morningstar
Press: ? - help, Dir - move target, f/p - ice beast
Aim: an ice beast (almost dead, haloed, about 22% to evade your +0 morningstar)
You hit the ice beast but do no damage.
The ice beast is almost dead.
The butterfly disappears in a burst of colours!
Jeremiah yawns.
Jeremiah shouts, "O dreadful one, destroy my foe!"
Something smites you!
* * * LOW HITPOINT WARNING * * *
The ice beast barely misses you.
Hit: F) +0 morningstar
Press: ? - help, Dir - move target, f/p - ice beast
Aim: an ice beast (almost dead, haloed, about 22% to evade your +0 morningstar)
You hit the ice beast but do no damage.
The ice beast is almost dead.
Jeremiah mumbles a slurred invocation.
Something smites you!
You die...
Jeremiah says, "O terrible one, your will is done."

......[###...# #.....##
.......##....#.#......#
..#..[.†[)_...........##
..#..#.#....##bb....F..#
.##..#.#...###..##.bbb##
######.###.###..###b.b.#
#..........#b†b..##
#####......#Y#####
#......@.# ##########


You could see Jeremiah and an ice beast.

Vanquished Creatures
  2 wyverns
  An ice beast (D:6)
  2 black bears
  2 wolves
  A kobold brigand (D:7)
  A phantom (D:4)
  4 bullfrogs
  A scorpion (D:7)
  A howler monkey (D:7)
  2 hounds
  A jelly (D:5)
  An orc priest (D:5)
  A sleepcap (D:5)
  3 orc wizards
  8 adders
  3 gnolls
  A river rat (D:5)
  4 shadow imps
  2 white imps
  15 dart slugs
  7 ribbon worms
  16 orcs
  2 bats (D:3)
  3 endoplasms
  10 giant cockroaches
  5 goblins
  A hobgoblin (D:2)
  3 jackals (D:1)
  4 kobolds
  A quokka (D:4)
  5 ball pythons
  8 frilled lizards
  4 rats
125 creatures vanquished.

Vanquished Creatures (collateral kills)
  Maurice (D:8)
  An orc wizard (D:8)
2 creatures vanquished.

Vanquished Creatures (others)
  A wyvern (D:8)
1 creature vanquished.

Grand Total: 128 creatures vanquished

Notes
Turn   | Place    | Note
-------+----------+-------------------------------------------
     0 | D:1      | jagoly the Gargoyle Monk began the quest for the Orb.
     0 | D:1      | Reached XP level 1. HP: 14/14 MP: 1/1
    78 | D:1      | Reached XP level 2. HP: 3/19 MP: 2/2
   101 | D:1      | Reached skill level 1 in Stealth
   190 | D:2      | Found a basalt altar of Yredelemnul.
   273 | D:1      | Reached XP level 3. HP: 19/23 MP: 3/3
   617 | D:4      | Reached skill level 4 in Fighting
   617 | D:4      | Reached skill level 1 in Armour
   617 | D:4      | Reached XP level 4. HP: 21/29 MP: 4/4
   693 | D:3      | Found a hide-covered altar of Uskayaw.
   835 | D:4      | Noticed a phantom
   855 | D:4      | Killed a phantom
   856 | D:4      | Reached XP level 5. HP: 11/34 MP: 5/5
   888 | D:4      | Reached skill level 5 in Fighting
   892 | D:4      | Reached XP level 6. HP: 22/40 MP: 6/6
   919 | D:5      | Entered Level 5 of the Dungeon
   977 | D:4      | Found a staircase to the Ecumenical Temple.
   997 | Temple   | Entered the Ecumenical Temple
  1033 | Temple   | Became a worshipper of the Shining One
  1033 | Temple   | Reached * piety under the Shining One
  1033 | Temple   | Reached ** piety under the Shining One
  1309 | D:5      | Reached skill level 6 in Fighting
  1315 | D:5      | Found Ygiegati's Gadget Gallery.
  1319 | D:5      | Identified the +5 flail of the Demonic God {drain, rN+
                  | Will+ Str+3}
  1374 | D:5      | Reached XP level 7. HP: 42/46 MP: 7/7
  1443 | D:5      | Found a glowing drain.
  1449 | Sewer    | Entered a sewer
  1575 | Sewer    | Identified the staff "Kudeto" {Fly rF- Int+3 Summ Earth}
  1885 | D:6      | Reached XP level 8. HP: 32/52 MP: 8/8
  2083 | D:7      | Reached skill level 5 in Armour
  2145 | D:7      | Reached skill level 7 in Fighting
  2320 | D:8      | Noticed Jeremiah
  2320 | D:8      | Found a shimmering blue altar of Sif Muna.
  2445 | D:9      | Noticed a two-headed ogre
  2466 | D:8      | Found a sacrificial altar of Ru.
  2467 | D:8      | Noticed Maurice
  2485 | D:8      | Reached skill level 1 in Evocations
  2486 | D:8      | Maurice stole a +0 spear
  2491 | D:8      | Noticed a wyvern
  2495 | D:8      | Maurice stole 263 gold
  2502 | D:8      | Killed Maurice
  2503 | D:8      | Reached skill level 5 in Axes
  2516 | D:8      | Noticed a wyvern
  2547 | D:8      | Killed a wyvern
  2548 | D:8      | Reached XP level 9. HP: 30/59 MP: 9/9
  2558 | D:7      | Reached skill level 8 in Fighting
  2606 | D:8      | Noticed a two-headed ogre
  2606 | D:8      | Reached *** piety under the Shining One
  2712 | D:8      | Found Uxzubyng's Magic Scroll Shoppe.
  2742 | D:8      | HP: 2/59 [Jeremiah/divine providence (16)]
  2743 | D:8      | Killed from afar by Jeremiah

Illustrated notes

Levels and vault maps discovered:
D:1:      minmay_arrival_stone_box, layout_basic
D:2:      layout_loops_ring, basic_altar, grunt_decor_mini_mirrors
D:3:      layout_rooms, nicolae_uskayaw_dance_hall,
          chequers_serial_rivers_large_a
D:4:      layout_cave_pods, minmay_temple_entry_overgrown, serial_glass,
          glass_columns_c, glass_columns_b
D:5:      layout_basic, lightli_sewer_entry_pipes, serial_rivers,
          chequers_serial_rivers_small_3, chequers_serial_rivers_micro_e,
          chequers_serial_rivers_micro_a, chequers_serial_rivers_micro_d,
          chequers_serial_rivers_small_a, chequers_serial_rivers_marsh,
          nicolae_shop_gadgets
D:6:      layout_basic
D:7:      layout_gridville, gammafunk_temple_overflow_wave
D:8:      layout_cave_pools, mainiacjoe_overflow_concentric_impassable,
          nicolae_overflow_crystal_walls, minmay_lair_entry_grove,
          gammafunk_ghost_grave, serial_shops, nicolae_shop_waterfront,
          serial_bayou_pond_d, serial_bayou_lake_a, uniq_jeremiah, uniq_maurice,
          uniq_psyche
D:9:      layout_grid_maze, serial_shops, nicolae_shop_statue_plus,
          nicolae_water_bricks
Temple:   bh_familiar_temple

Skill      XL: |  1  2  3  4  5  6  7  8  9 |
---------------+----------------------------+-----
Axes           | 3 4 5 6 |  6.6
Stealth        | 1 2 |  2.0
Fighting       | 4 5 6 7 8 |  8.0
Armour         | 1 2 3 4 6 |  6.0
Dodging        | 3 4 |  4.0
Evocations     | 2 |  2.0

Action                     |  1- 3 |  4- 6 |  7- 9 || total
---------------------------+-------+-------+-------++-------
  Melee: Hand axe          |    62 |   138 |   227 ||   427
         Rapier            |    17 |    27 |    56 ||   100
         Morningstar       |       |       |     7 ||     7
  Throw: Stone             |       |     5 |     5 ||    10
         Dart              |       |       |     8 ||     8
  Evoke: Wand              |       |       |     2 ||     2
    Use: Potion            |       |     1 |       ||     1
         Scroll            |       |       |     4 ||     4
 Armour: Robe              |    33 |       |       ||    33
         Ring mail         |    20 |   126 |   254 ||   400
         Scale mail        |       |       |    11 ||    11
  Dodge: Dodged            |    38 |    93 |   198 ||   329
